 Dungeon Crawl Stone Soup version 0.28.0-49-g6dfe1f597d (webtiles) character file.

Game seed: 868524026907407248

79 normalcatpics the Covered (level 4, 0/29 HPs)
             Began as a Gargoyle Fighter on May 14, 2022.
             Slain by a frilled lizard (1 damage)
             ... on level 3 of the Dungeon.
             The game lasted 00:10:13 (3428 turns).

normalcatpics the Covered (Gargoyle Fighter)        Turns: 3428, Time: 00:10:13

Health: 0/29       AC: 10    Str: 22    XL:     4   Next: 38%
Magic:  4/4        EV:  9    Int:  8    God:
Gold:   111        SH:  4    Dex:  9    Spells: 3/3 levels left

rFire   . . .      SeeInvis .   a - +0 flail
rCold   . . .      Faith    .   c - +0 buckler
rNeg    + . .      Spirit   .   b - +0 scale mail
rPois   ∞          Reflect  .   (no helmet)
rElec   +          Harm     .   (no cloak)
rCorr   .          Rampage  .   (no gloves)
Will    .....                   (no boots)
Stlth   ..........              (no amulet)
HPRegen 0.09/turn               (no ring)
MPRegen 0.09/turn               (no ring)

@: no status effects
A: sickness immunity, AC +3, negative energy resistance 1, electricity
resistance, torment resistance 1, petrification resistance
a: no special abilities


You were on level 3 of the Dungeon.
You visited 1 branch of the dungeon, and saw 3 of its levels.

You collected 111 gold pieces.

Inventory:

Hand Weapons
 a - a +0 flail (weapon)
 f - a +2 whip of draining
Armour
 b - a +0 scale mail (worn)
 c - a +0 buckler (worn)
 g - a +0 pair of gloves
 k - a +0 ring mail
 m - a +0 robe
 q - a +0 ring mail
Scrolls
 e - a scroll of identify {unknown}
 h - 2 scrolls of magic mapping {unknown}
 j - a scroll of enchant weapon {unknown}
 l - a scroll of enchant armour {unknown}
 o - a scroll of noise {unknown}
Potions
 d - a potion of might
 i - 2 potions of curing {unknown}
 n - a potion of heal wounds {unknown}
 p - 2 potions of haste


   Skills:
 + Level 3.7 Fighting
 + Level 2.9 Maces & Flails
 + Level 4.3 Armour
 + Level 0.4 Dodging
 + Level 3.6 Shields


You had 3 spell levels left.
You didn't know any spells.
Your spell library was empty.

Dungeon Overview and Level Annotations

Branches:
Dungeon (3/15)

Altars:

Shops:
D:1 !   D:2 !


Innate Abilities, Weirdness & Mutations

You are immune to sickness and miasma.
Your stone body is resilient. (AC +3)
You are immune to poison.
You resist negative energy. (rN+)
You are resistant to electric shocks. (rElec)
You are resistant to unholy torment.
You are immune to petrification.


Message History

You hit the giant cockroach but do no damage.
You block the giant cockroach's attack. The iguana bites you.
The ufetubus barely misses you.
The ufetubus hits you but does no damage.
The frilled lizard bites you but does no damage.
You block the giant cockroach's attack. The iguana barely misses you.
The ufetubus hits you but does no damage. x2
You hit the giant cockroach.
The giant cockroach is severely wounded.
The frilled lizard barely misses you. The ufetubus completely misses you.
The ufetubus barely misses you.
The giant cockroach bites you but does no damage.
The iguana bites you. The frilled lizard barely misses you.
You closely miss the giant cockroach.
The giant cockroach is severely wounded.
The ufetubus hits you but does no damage.
The ufetubus hits you.
The giant cockroach bites you but does no damage.
The ufetubus barely misses you. You block the ufetubus's attack.
The iguana closely misses you. The frilled lizard barely misses you.
The giant cockroach bites you but does no damage.
You closely miss the giant cockroach.
The giant cockroach is severely wounded.
The ufetubus closely misses you.
The ufetubus hits you but does no damage.
You block the iguana's attack. You block the giant cockroach's attack.
The frilled lizard closely misses you.
The ufetubus hits you but does no damage. x2
The iguana bites you.
You sock the giant cockroach!
You kill the giant cockroach!
The ufetubus hits you but does no damage.
The ufetubus hits you.
* * * LOW HITPOINT WARNING * * *
The frilled lizard bites you but does no damage.
The ufetubus closely misses you. The ufetubus barely misses you.
The iguana bites you.
* * * LOW HITPOINT WARNING * * *
The frilled lizard bites you.
You die...

###########.####
...............
#.##########.## #.##
#.##
.######..#########..#
................#.... ##
#S....##...#..#.#).
.#...#5##.....#.#.(..#)#
.'...'S@..##..#...#..#.#
.#...#ll..........#....#
## ###################


You could see an iguana, an ufetubus, 2 ball pythons and a frilled lizard.

Vanquished Creatures
  An adder (D:3)
  A worm (D:3)
  2 orcs (D:3)
  7 endoplasms
  A giant cockroach (D:3)
  10 goblins
  6 hobgoblins
  5 jackals
  7 kobolds
  4 quokkas
  4 ball pythons (D:1)
  3 bats
  4 frilled lizards
  3 rats
58 creatures vanquished.

Vanquished Creatures (others)
  4 withered plants (D:2)
4 creatures vanquished.

Grand Total: 62 creatures vanquished

Notes
Turn   | Place    | Note
-------+----------+-------------------------------------------
     0 | D:1      | normalcatpics the Gargoyle Fighter began the quest for the
                  | Orb.
     0 | D:1      | Reached XP level 1. HP: 14/14 MP: 1/1
   181 | D:1      | Reached XP level 2. HP: 15/19 MP: 2/2
   184 | D:1      | Found Ykhiahua's Distillery.
   942 | D:1      | Reached XP level 3. HP: 23/23 MP: 3/3
  1045 | D:2      | Reached skill level 4 in Armour
  1110 | D:2      | Found Biuddas's Distillery.
  1308 | D:2      | Found a faded altar of an unknown god.
  2801 | D:3      | Reached XP level 4. HP: 29/29 MP: 4/4
  3428 | D:3      | HP: 1/29 [iguana (4)]
  3428 | D:3      | Slain by a frilled lizard

Illustrated notes

Levels and vault maps discovered:
D:1:      lemuel_arrival_cross, layout_rooms, serial_shops,
          nicolae_shop_waterfront, minmay_distorted
D:2:      layout_basic, serial_shops,
          nicolae_shop_temple_entry_statues_fountains,
          ebering_ecumenical_altar_petrified
D:3:      minmay_thinvault, layout_basic, grunt_temple_overflow_diamond

Skill      XL: |  1  2  3 |
---------------+----------+-----
Armour         | 4 |  4.3
Fighting       | |  3.7
Maces & Flails | |  2.9
Dodging        | |  0.4
Shields        | |  3.6

Action                   |  1- 3 |  4- 6 || total
-------------------------+-------+-------++-------
Melee: Flail             |   166 |    38 ||   204
Armor: Scale mail        |   120 |    49 ||   169
Dodge: Dodged            |   116 |    36 ||   152
Block: Buckler           |    40 |    12 ||    52
